 Dungeon Crawl Stone Soup version 0.26.0-10-g1f06aea511 (webtiles) character file.

Game seed: 3332588116296008186

147952 HoaS the Peltast (level 18, -5/149 HPs)
             Began as a Formicid Fighter on Jan 14, 2021.
             Was the Champion of Makhleb.
             Slain by the 27-headed Lernaean hydra (6 damage)
             ... on level 4 of the Swamp.
             The game lasted 01:08:08 (24322 turns).

HoaS the Peltast (Formicid Fighter)                Turns: 24322, Time: 01:08:09

Health: -5/149     AC: 38    Str: 29    XL:     18   Next: 10%
Magic:  18/18      EV: 18    Int: 11    God:    Makhleb [******]
Gold:   2630       SH: 24    Dex: 22    Spells: 17/17 levels left

rFire    . . .     SeeInvis +   w - +1 quarterstaff
rCold    . . .     Faith    .   j - +2 tower shield
rNeg     . . .     Spirit   .   c - +3 plate armour of Precision Catastrophes {rElec}
rPois    +         Reflect  .   (helmet unavailable)
rElec    +         Harm     .   M - +2 cloak of the Hills {Str+4 Dex+7 Stlth+}
rCorr    .         Rampage  .   x - +2 pair of gloves
Will     +....                  R - +2 pair of boots
Stlth    ..........             L - amulet of regeneration
HPRegen  0.74/turn              r - ring "Wivvo" {rPois AC+4 Int+4}
MPRegen  0.16/turn              a - +4 ring of protection

@: mighty
A: permanent stasis, dig shafts and tunnels, four strong arms, antennae 3
a: Dig, Shaft Self, Renounce Religion, Minor Destruction, Lesser Servant of
Makhleb, Major Destruction, Greater Servant of Makhleb


You were on level 4 of the Swamp.
You worshipped Makhleb.
Makhleb was exalted by your worship.
You visited 4 branches of the dungeon, and saw 27 of its levels.
You also visited: Gauntlet.

You collected 2630 gold pieces.

Inventory:

Hand Weapons
 q - a +1 lajatang of speed
 w - a +1 quarterstaff (weapon)
 C - a +0 arbalest
Missiles
 u - 577 bolts
Armour
 c - the +3 plate armour of Precision Catastrophes (worn) {rElec}
   (You acquired it on level 9 of the Dungeon)

   It insulates you from electricity.
 j - a +2 tower shield (worn)
 x - a +2 pair of gloves (worn)
 M - the +2 cloak of the Hills (worn) {Str+4 Dex+7 Stlth+}
   (You found it in a Gauntlet)

   It affects your strength (+4).
   It affects your dexterity (+7).
   It makes you more stealthy.
 R - a +2 pair of boots (worn)
Jewellery
 a - a +4 ring of protection (right hand)
 g - the ring of Isigreh {rF+ Str+4 Int-2 Slay+2}
   (You found it in a Gauntlet)

   [ring of protection from fire]

   It affects your strength (+4).
   It affects your intelligence (-2).
   It affects your accuracy and damage with ranged weapons and melee attacks
   (+2).
   It protects you from fire.
 i - an uncursed ring of protection from fire
 k - an uncursed ring of protection from fire
 r - the ring "Wivvo" (left hand) {rPois AC+4 Int+4}
   (You found it in a Gauntlet)

   [ring of protection]

   It affects your AC (+4).
   It affects your intelligence (+4).
   It protects you from poison.
 z - a +6 ring of strength
 B - an uncursed ring of ice
 G - a +4 ring of slaying
 H - an uncursed ring of flight
 J - a +6 ring of intelligence
 K - a +6 ring of strength
 L - an amulet of regeneration (around neck)
 Q - an uncursed ring of positive energy
Wands
 b - a wand of random effects (59)
 l - a wand of enslavement (9)
 m - a wand of disintegration (9)
 n - a wand of digging (13)
 t - a wand of iceblast (23) (quivered)
 v - a wand of paralysis (29)
 E - a wand of polymorph (19)
 O - a wand of flame (35)
Scrolls
 d - a scroll of enchant armour
 e - 18 scrolls of identify
 o - 10 scrolls of remove curse
 p - 3 scrolls of fog
 y - 3 scrolls of fear
 N - 2 scrolls of magic mapping
Potions
 f - 3 potions of lignification
 h - 3 potions of attraction
 s - 4 potions of flight
 A - 2 potions of ambrosia
 D - a potion of invisibility
 F - a potion of resistance
 I - a potion of might
 P - 2 potions of curing


   Skills:
 - Level 15.0 Fighting
 - Level 15.0 Staves
 - Level 15.0 Armour
 + Level 13.1 Dodging
 - Level 15.0 Shields


You had 17 spell levels left.
You didn't know any spells.
Your spell library contained the following spells:

 Spells                   Type           Power        Failure   Level
 Apportation              Tloc           0%           90%         1
 Freeze                   Ice            0%           90%         1
 Sandblast                Erth           0%           90%         1
 Passwall                 Tmut/Erth      0%           97%         2
 Confusing Touch          Hex            0%           99%         3
 Frozen Ramparts          Ice            0%           99%         3
 Gell's Gravitas          Tloc           0%           99%         3
 Lesser Beckoning         Tloc           0%           99%         3
 Ozocubu's Armour         Ice            0%           99%         3
 Stone Arrow              Conj/Erth      0%           99%         3
 Teleport Other           Tloc           0%           99%         3
 Tukima's Dance           Hex            0%           99%         3
 Animate Dead             Necr           0%           100%        4
 Hailstorm                Conj/Ice       0%           100%        4
 Passage of Golubria      Tloc           N/A          100%        4
 Petrify                  Tmut/Erth      0%           100%        4
 Summon Ice Beast         Ice/Summ       0%           100%        4
 Alistair's Intoxication  Tmut/Pois      0%           100%        5
 Borgnjor's Vile Clutch   Necr/Erth      0%           100%        5
 Irradiate                Conj/Tmut      0%           100%        5
 Lee's Rapid Deconstruct  Erth           0%           100%        5
 Metabolic Englaciation   Hex/Ice        0%           100%        5
 Yara's Violent Unravell  Hex/Tmut       0%           100%        5
 Hydra Form               Tmut           0%           100%        6
 Invisibility             Hex            0%           100%        6
 Statue Form              Tmut/Erth      0%           100%        6
 Dragon Form              Tmut           0%           100%        7
 Chain Lightning          Conj/Air       0%           100%        8
 Lehudib's Crystal Spear  Conj/Erth      0%           100%        8
 Absolute Zero            Ice            0%           100%        9
 Fire Storm               Conj/Fire      0%           100%        9
 Blink                    Tloc           Unusable     N/A         2

Dungeon Overview and Level Annotations

Branches:
Dungeon (15/15)            Temple (0/1) D:6            Lair (6/6) D:11
  Swamp (4/4) Lair:3        Snake (0/4) Lair:4        Slime (0/5) Lair:5
    Orc (2/2) D:12            Elf (0/3) Orc:2        Vaults (0/5) D:13
 Depths (0/5) D:15        Gauntlet (visited)

Altars:
Cheibriados
Elyvilon
Makhleb
Qazlal
Ru
Trog
Wu Jian
Xom
Zin
Jiyva

Shops:
D:12 [   Orc:2 }[:*:

Portals:
Trove: D:12 (give 7 scrolls of fear)

Annotations:
D:13 3 runed translucent doors, MajorAdolf's ghost, journeyman NaWn
Lair:1 exclusion: 4 oklob plants
Swamp:4 Lernaean hydra


Innate Abilities, Weirdness & Mutations

You cannot be hasted, slowed, berserked, paralysed or teleported.
You can dig through walls and to a lower floor.
Your four strong arms can wield two-handed weapons with a shield.
You have a pair of large antennae on your head. (SInv)


Message History

The 27-headed Lernaean hydra barely misses you.
The 27-headed Lernaean hydra bites you but does no damage. x2
The 27-headed Lernaean hydra barely misses you.
The 27-headed Lernaean hydra bites you but does no damage. x2
Your plate armour of Precision Catastrophes prevents you from hitting the 27-headed Lernaean hydra.
The 27-headed Lernaean hydra is moderately wounded.
You bludgeon the 27-headed Lernaean hydra!!
The 27-headed Lernaean hydra is heavily wounded.
The tyrant leech seems less confused.
The swamp drake breathes poison at you.
The noxious blast engulfs you but does no damage.
You resist.
The 27-headed Lernaean hydra closely misses you.
The 27-headed Lernaean hydra misses you.
The 27-headed Lernaean hydra bites you.
* * * LOW HITPOINT WARNING * * *
You block the 27-headed Lernaean hydra's attack. x2
The 27-headed Lernaean hydra bites you but does no damage.
The 27-headed Lernaean hydra bites you.
You die...

D≈{.≈≈≈≈≈≈≈
#{#≈≈.≈≈≈.≈.≈. ≈#
##≈#..≈≈≈##≈.≈##≈≈
#≈...≈.≈≈≈≈≈.≈.#≈≈
##≈#≈.#≈≈.≈.≈.≈.≈#
##.≈##.≈≈≈≈≈.≈.≈≈.#
#≈≈≈#...≈≈≈≈≈≈.#≈≈###
#≈.○kD.≈≈≈≈.≈†.#≈≈≈..
##≈○@w.......†.....≈.
{
###○○≈...#.≈#≈≈≈≈.§≈
###○##≈≈≈≈≈≈≈.≈≈.#
#####≈####≈≈#### ###
#### ≈ ♣♣♣♣ ♣
♣♣♣♣♣≈≈♣♣♣♣♣♣♣♣
♣≈♣♣≈≈≈≈≈♣♣..≈♣♣
♣♣≈≈#≈≈≈≈♣≈...†♣


You could see the 27-headed Lernaean hydra, a tyrant leech and a swamp drake
(catching breath).

Vanquished Creatures
  Rupert (Lair:3)
  2 entropy weavers (Lair:6)
  A minotaur (Gauntlet)
  3 bunyips
  6 dire elephants (Lair:6)
  3 eleionomae
  An ettin (Orc:2)
  A shambling mangrove (Swamp:3)
  4 boulder beetles
  21 hydras
  3 centaur warriors
  An anaconda (Lair:6)
  10 two-headed ogres
  A ghost crab (Swamp:4)
  2 dancing weapons (D:13)
  A queen ant (Lair:6)
  21 alligators
  A tengu warrior (D:13)
  2 thrashing horrors (Gauntlet)
  A deep elf knight (D:14)
  16 slime creatures
  3 goliath frogs
  2 unseen horrors
  5 spriggan druids
  5 swamp dragons
  8 bog bodies
  2 necromancers
  4 deep elf magi
  3 orc knights
  3 wizards
  The ghost of tsouns the Martial Artist, a novice DsMo (D:6)
  A wolf spider zombie (D:15)
  An orc sorcerer (Orc:2)
  An oklob plant (D:11)
  10 ugly things (D:14)
  5 cyclopes
  A black mamba (shapeshifter) (D:14)
  14 elephants
  A manticore (D:14)
  A will-o-the-wisp (Swamp:1)
  A guardian serpent (Lair:4)
  A black mamba (Lair:3)
  A naga mage (D:15)
  4 centaur zombies
  3 gargoyles
  Maggie (Lair:2)
  12 cane toads
  A torpor snail (Lair:6)
  A rime drake (shapeshifter) (D:14)
  10 komodo dragons
  A kobold demonologist (D:12)
  An efreet (D:15)
  2 rime drakes
  2 freezing wraiths (D:14)
  A guardian mummy (D:12)
  A queen bee (Gauntlet)
  8 trolls
  A tengu conjurer (D:13)
  9 hornets
  3 polar bears
  6 tyrant leeches
  2 meliai zombies
  14 blink frogs
  A centaur simulacrum (D:14)
  11 spriggans
  3 wraiths
  41 yaks
  2 vampires
  9 basilisks
  2 wyverns
  2 steam dragons
  11 vampire mosquitoes
  13 swamp worms
  A warg (Orc:1)
  An acid dragon (D:15)
  Duvessa (D:6)
  8 soldier ants (Lair:6)
  23 water moccasins
  The ghost of grindst0ne the Chucker, an amateur OgHu (D:3)
  6 swamp drakes
  2 eyes of draining
  A hornet zombie (D:15)
  39 orc warriors
  2 sky beasts
  3 ice beasts
  17 ogres
  3 phantoms
  A tengu (shapeshifter) (D:14)
  12 wolves
  3 boggarts (D:15)
  24 centaurs
  3 big kobolds
  17 bullfrogs
  3 small abominations (Gauntlet)
  A gnoll sergeant (D:7)
  2 wyvern zombies
  A wyvern skeleton (D:11)
  Dowan (D:6)
  A hornet simulacrum (Gauntlet)
  25 killer bees
  17 wights
  3 howler monkeys (D:12)
  3 electric eels
  3 bullfrog zombies
  7 hounds
  2 jellies (D:9)
  13 orc priests
  A bullfrog skeleton (D:12)
  5 centaur skeletons
  5 iguanas
  21 orc wizards
  20 worker ants
  3 yak simulacra (Lair:4)
  A polar bear simulacrum (Lair:4)
  3 wolf simulacra (Lair:4)
  2 bullfrog simulacra (Gauntlet)
  3 hound skeletons
  A worker ant zombie (D:7)
  12 gnolls
  11 adders
  A shadow imp (D:8)
  A white imp (D:5)
  An ufetubus (D:5)
  An ooze (D:7)
  4 adder skeletons
  2 worms
  8 dart slugs
  4 leopard geckos
  88 orcs
  7 giant cockroaches
  9 goblins
  6 hobgoblins (D:1)
  13 jackals
  4 quokkas
  10 bats
  4 frilled lizards
  18 kobolds
  A quokka skeleton (D:7)
  6 rats
  4 river rat simulacra (Lair:4)
884 creatures vanquished.

Vanquished Creatures (others)
  A wizard (D:6)
  2 bloated husks
  10 foxfires (Swamp:1)
  44 fungi
  44 plants
  2 withered plants (D:6)
103 creatures vanquished.

Grand Total: 987 creatures vanquished

Notes
Turn   | Place    | Note
-------+----------+-------------------------------------------
     0 | D:1      | HoaS the Formicid Fighter began the quest for the Orb.
     0 | D:1      | Reached XP level 1. HP: 18/18 MP: 1/1
   174 | D:1      | Reached XP level 2. HP: 24/24 MP: 2/2
   234 | D:1      | Reached XP level 3. HP: 22/29 MP: 3/3
   796 | D:2      | Reached XP level 4. HP: 35/35 MP: 4/4
  1405 | D:2      | Reached XP level 5. HP: 41/41 MP: 5/5
  1795 | D:3      | Found a runed translucent gate.
  1795 | D:3      | Found a runed translucent gate.
  1795 | D:3      | Found a runed translucent gate.
  1797 | D:3      | Noticed grindst0ne's ghost (amateur OgHu)
  1858 | D:3      | Found a snail-covered altar of Cheibriados.
  1992 | D:4      | Found a sacrificial altar of Ru.
  2086 | D:4      | Found a bloodstained altar of Trog.
  2087 | D:4      | Found a snail-covered altar of Cheibriados.
  2087 | D:4      | Found a burning altar of Makhleb.
  2099 | D:4      | Became a worshipper of Makhleb the Destroyer
  2221 | D:4      | Reached skill level 5 in Shields
  2233 | D:4      | Found a stormy altar of Qazlal.
  2264 | D:4      | Reached XP level 6. HP: 44/47 MP: 6/6
  2276 | D:4      | Reached skill level 5 in Staves
  2475 | D:4      | Found an ornate altar of the Wu Jian Council.
  2742 | D:5      | Entered Level 5 of the Dungeon
  2903 | D:5      | Found a glowing silver altar of Zin.
  2977 | D:5      | Noticed an ogre
  2998 | D:5      | Killed an ogre
  3003 | D:5      | Reached * piety under Makhleb
  3154 | D:5      | Reached XP level 7. HP: 52/52 MP: 7/7
  3354 | D:6      | Found a bloodstained altar of Trog.
  3355 | D:6      | Noticed a wizard
  3361 | D:6      | Killed a wizard
  3636 | D:6      | Found a staircase to the Ecumenical Temple.
  3742 | D:6      | Found a runed translucent door.
  3742 | D:6      | Noticed tsouns's ghost (novice DsMo)
  3772 | D:6      | Noticed Duvessa
  3772 | D:6      | Noticed Dowan
  3803 | D:6      | Killed Duvessa
  3804 | D:6      | Reached XP level 8. HP: 40/58 MP: 5/8
  4096 | D:6      | Reached ** piety under Makhleb
  4155 | D:6      | Killed Dowan
  4340 | D:3      | Killed grindst0ne's ghost
  4536 | D:7      | Reached XP level 9. HP: 46/64 MP: 7/9
  5011 | D:7      | Reached skill level 10 in Staves
  5219 | D:7      | Reached *** piety under Makhleb
  5512 | D:8      | Noticed a two-headed ogre
  5524 | D:8      | HP: 3/64 [two-headed ogre/+1 dire flail of protection (11)]
  5532 | D:8      | Killed a two-headed ogre
  5533 | D:8      | Reached skill level 10 in Shields
  5533 | D:8      | Reached XP level 10. HP: 43/70 MP: 1/10
  6028 | D:9      | Noticed a two-headed ogre
  6038 | D:9      | Killed a two-headed ogre
  6288 | D:9      | Reached **** piety under Makhleb
  6322 | D:9      | Identified a scroll of acquirement
  6322 | D:9      | Acquired the +3 plate armour of Precision Catastrophes
                  | {rElec}
  6366 | D:9      | Reached XP level 11. HP: 75/75 MP: 11/11
  6673 | D:10     | Entered Level 10 of the Dungeon
  7834 | D:11     | Noticed a two-headed ogre
  7846 | D:11     | Killed a two-headed ogre
  7942 | D:11     | Found a staircase to the Lair.
  7942 | D:11     | Noticed an oklob plant
  7966 | D:11     | Killed an oklob plant
  8002 | D:11     | Noticed a cyclops
  8004 | D:11     | Noticed a boulder beetle
  8004 | D:11     | Noticed a two-headed ogre
  8113 | D:11     | Found a gate leading to a gauntlet.
  8118 | D:11     | Noticed a two-headed ogre
  8135 | Gauntlet | Entered a Gauntlet
  8135 | Gauntlet | Found a transporter.
  8236 | Gauntlet | Found a transporter.
  8251 | Gauntlet | Found a transporter.
  8255 | Gauntlet | Noticed a thrashing horror
  8256 | Gauntlet | Found a transporter.
  8258 | Gauntlet | Noticed a thrashing horror
  8273 | Gauntlet | Found a transporter.
  8294 | Gauntlet | Found a transporter.
  8299 | Gauntlet | Noticed a death ooze
  8302 | Gauntlet | Noticed a hell beast
  8303 | Gauntlet | Found a transporter.
  8309 | Gauntlet | Found a transporter.
  8321 | Gauntlet | Noticed a wretched star
  8324 | Gauntlet | Found a transporter.
  8339 | Gauntlet | Noticed a death scarab
  8343 | Gauntlet | Found a transporter.
  8344 | Gauntlet | Noticed a death scarab
  8349 | Gauntlet | Found a transporter.
  8361 | Gauntlet | Noticed a sixfirhy
  8364 | Gauntlet | Found a transporter.
  8367 | Gauntlet | Noticed a sixfirhy
  8370 | Gauntlet | Noticed a sixfirhy
  8390 | Gauntlet | Found a transporter.
  8405 | Gauntlet | Found a transporter.
  8407 | Gauntlet | Found a transporter.
  8432 | Gauntlet | Found a transporter.
  8434 | Gauntlet | Found a transporter.
  8454 | Gauntlet | Found a transporter.
  8728 | Gauntlet | Reached ***** piety under Makhleb
  8782 | Gauntlet | Killed a thrashing horror
  8808 | Gauntlet | Killed a thrashing horror
  8809 | Gauntlet | Reached XP level 12. HP: 81/81 MP: 12/12
  8818 | Gauntlet | Got a faintly glowing cloak
  8831 | Gauntlet | Identified the +2 cloak of the Hills {Str+4 Dex+7 Stlth+}
                  | (You found it in a Gauntlet)
  8849 | Gauntlet | Noticed a minotaur
  8850 | Gauntlet | Found the +0 mask of the Dragon {Will+ Slay+3 SInv}
  8875 | Gauntlet | Killed a minotaur
  8980 | Gauntlet | Got a translucent brass ring
  8980 | Gauntlet | Got a crude marble ring
  8983 | Gauntlet | Got a shimmering hat
  8988 | Gauntlet | Identified the Reference Book on Evil Secrets
  9011 | D:11     | Killed a two-headed ogre
  9065 | D:11     | Killed a boulder beetle
  9084 | D:11     | Noticed a two-headed ogre
  9094 | D:11     | Killed a two-headed ogre
  9095 | D:11     | Reached skill level 15 in Shields
  9138 | D:11     | Killed a two-headed ogre
  9168 | D:11     | Reached skill level 1 in Dodging
  9393 | Lair:1   | Entered Level 1 of the Lair of Beasts
  9464 | Lair:1   | Reached skill level 5 in Fighting
  9480 | Lair:1   | Noticed a five-headed hydra
  9499 | Lair:1   | Killed a five-headed hydra
  9574 | Lair:1   | Reached XP level 13. HP: 93/93 MP: 13/13
  9614 | Lair:1   | Reached skill level 5 in Armour
 10670 | Lair:2   | Noticed Maggie
 10682 | Lair:2   | Killed Maggie
 10913 | Lair:2   | Noticed a boulder beetle
 10942 | Lair:2   | Killed a boulder beetle
 11310 | Lair:3   | Identified the ring of Isigreh {rF+ Str+4 Int-2 Slay+2}
                  | (You found it in a Gauntlet)
 11311 | Lair:3   | Identified the ring "Wivvo" {rPois AC+4 Int+4} (You found
                  | it in a Gauntlet)
 11339 | Lair:3   | Reached ****** piety under Makhleb
 11484 | Lair:3   | Noticed a five-headed hydra
 11491 | Lair:3   | Killed a five-headed hydra
 11635 | Lair:3   | Found a staircase to the Swamp.
 11670 | Lair:3   | Noticed an eight-headed hydra
 11720 | Lair:3   | Noticed Rupert
 11750 | Lair:3   | Killed Rupert
 11751 | Lair:3   | Reached skill level 5 in Dodging
 11760 | Lair:3   | Reached XP level 14. HP: 98/108 MP: 14/14
 12225 | Lair:4   | Reached skill level 10 in Fighting
 12225 | Lair:4   | Reached skill level 15 in Staves
 12567 | Lair:4   | Found a staircase to the Snake Pit.
 13311 | Lair:5   | Found a viscous altar of Jiyva.
 13312 | Lair:5   | Found a staircase to the Slime Pits.
 13571 | Lair:6   | Entered Level 6 of the Lair of Beasts
 13937 | Lair:6   | Noticed an entropy weaver
 14063 | Lair:6   | Killed an entropy weaver
 14086 | Lair:6   | Noticed an entropy weaver
 14149 | Lair:6   | Killed an entropy weaver
 14862 | Lair:6   | Reached XP level 15. HP: 121/121 MP: 15/15
 15535 | D:6      | Killed tsouns's ghost
 15842 | D:12     | Found a staircase to the Orcish Mines.
 16161 | D:12     | Reached skill level 10 in Armour
 16404 | D:12     | Found Ubaguha's Armour Shop.
 16526 | D:12     | Found a portal to a secret trove of treasure.
 16701 | Orc:1    | Entered Level 1 of the Orcish Mines
 17117 | Orc:2    | Entered Level 2 of the Orcish Mines
 17128 | Orc:2    | Found a staircase to the Elven Halls.
 17133 | Orc:2    | Found Rocules's Book Emporium.
 18384 | Orc:2    | Found Moiliwis's Armour Boutique.
 18384 | Orc:2    | Found Cenn's Book Emporium.
 18386 | Orc:2    | Found Viqachat's Assorted Antiques.
 18388 | Orc:2    | Found Cac Hees's Gadget Shop.
 18776 | D:13     | Found a runed translucent door.
 19096 | D:13     | Found a runed translucent door.
 19102 | D:13     | Noticed a lich
 19104 | D:13     | Noticed MajorAdolf's ghost (journeyman NaWn)
 19105 | D:13     | Found a runed translucent door.
 19143 | D:13     | Reached XP level 16. HP: 134/134 MP: 16/16
 19149 | D:13     | Found a gate to the Vaults.
 19427 | D:13     | Found a shimmering altar of Xom.
 19969 | D:14     | Reached skill level 15 in Fighting
 19981 | D:14     | Found a sacrificial altar of Ru.
 20500 | D:15     | Entered Level 15 of the Dungeon
 20775 | D:15     | Reached skill level 10 in Dodging
 21117 | D:15     | Found a white marble altar of Elyvilon.
 21268 | D:15     | Found a staircase to the Depths.
 21903 | Swamp:1  | Entered Level 1 of the Swamp
 22122 | Swamp:1  | Reached XP level 17. HP: 118/142 MP: 17/17
 22322 | Swamp:1  | Acquired a +1 lajatang of speed
 23122 | Swamp:2  | You fall into a shaft and drop 1 floor!
 23870 | Swamp:4  | Entered Level 4 of the Swamp
 24156 | Swamp:4  | Reached skill level 15 in Armour
 24204 | Swamp:4  | Reached XP level 18. HP: 149/149 MP: 18/18
 24296 | Swamp:4  | Noticed the 27-headed Lernaean hydra
 24320 | Swamp:4  | HP: 3/149 [the 27-headed Lernaean hydra (7)]
 24322 | Swamp:4  | HP: 1/149 [the 27-headed Lernaean hydra (3)]
 24322 | Swamp:4  | Slain by the 27-headed Lernaean hydra

Illustrated notes

Levels and vault maps discovered:
D:1:      minmay_arrival_solitary_statue, layout_rooms, hex_tiny,
          minmay_heptomino_h4
D:2:      minmay_door_path, layout_loops_ring
D:3:      layout_rooms, ebering_ghost_rock_garden, cheibriados_altar_1
D:4:      layout_loops_ring, chequers_temple_overflow_statue_of_worship,
          nzn_wu_jian_council_hall, grunt_qazlal_clouds
D:5:      layout_rooms, lemuel_round_altar, kennysheep_generic_room_16
D:6:      layout_loops_ring, temple_fountains, gammafunk_ghost_grave,
          trog_wizard, uniq_duvessa
D:7:      layout_loops_ring, enter_bailey_5, corner_web_ring
D:8:      layout_rooms
D:9:      layout_roguey, minmay_starry_boxes
D:10:     layout_layer_cave
D:11:     layout_rooms, dpeg_oklobed_lair, gauntlet_entry_generic,
          chequers_garden
D:12:     layout_small_grid, david_orc_4, nicolae_trove_entry_path_of_doom,
          serial_shops, shop, grunt_ministairs_14, kennysheep_another_room
D:13:     layout_basic, erik_vaults_1, muffindrake_ghost_dual_entry,
          minmay_misc_feat_alley, minmay_st_funbox, david_defended_altar_elf
D:14:     layout_cave_pools, lemuel_round_altar, lightli_corner_chamber
D:15:     grunt_enter_depths_magical_seal, layout_gridville, elyvilon_altar_5
Lair:1:   layout_regular_city, minmay_lair_oklob_chamber, serial_bayou_shore_a,
          serial_bayou_shore_b, lemuel_fruit_fields
Lair:2:   layout_gridlike, infiniplex_staircase_pool, grunt_megastairs_1,
          lemuel_fruit_fields, serial_bayou_shore_b, lemuel_fruit_tree,
          uniq_maggie
Lair:3:   cheibrodos_lair_river_kwai, layout_gridlike,
          minmay_swamp_entry_reptiles, uniq_rupert
Lair:4:   layout_misc_corridors, minmay_snake_entry_spellcaster,
          eino_house_with_fridge, grunt_megastairs_3, lemuel_fruit_fields
Lair:5:   statuecave_lemuel, layout_regular_city,
          dpeg_slime_entry_enclosed_altar
Lair:6:   due_jungle_book, layout_misc_corridors, minmay_another_anthill
Swamp:1:  layout_basic_swamp, evilmike_swamp_ruin_rubble_2
Swamp:2:  layout_basic_swamp, evilmike_swamp_ruin_house_2, swamp_pool2
Swamp:3:  layout_basic_swamp, nicolae_swamp_orc_logging_accident
Swamp:4:  swamp_old_school, layout_basic_swamp, uniq_roxanne
Orc:1:    layout_diamond_mine
Orc:2:    st_orc_rangers, layout_diamond_mine, special_room, serial_shops, shop

Skill      XL: |  1  2  3  4  5  6  7  8  9 10 11 12 13 14 15 16 17 18 |
---------------+-------------------------------------------------------+-----
Shields        | 4 5 6 8 10 11 13 15 | 15.0
Staves         | 3 4 5 7 8 11 12 14 15 | 15.0
Fighting       | 6 9 12 14 15 | 15.0
Dodging        | 2 5 7 8 10 12 13 | 13.1
Armour         | 4 7 9 10 12 15 | 15.0

Action                   |  1- 3 |  4- 6 |  7- 9 | 10-12 | 13-15 | 16-18 || total
-------------------------+-------+-------+-------+-------+-------+-------++-------
Melee: Quarterstaff      |   103 |   205 |   376 |   675 |  2221 |  1104 ||  4684
       Lajatang          |       |       |       |       |       |   421 ||   421
 Abil: Dig               |       |       |     8 |     9 |    25 |     8 ||    50
Evoke: Wand              |       |       |       |     3 |     6 |     1 ||    10
  Use: Scroll            |     5 |     6 |     4 |    12 |    10 |     3 ||    40
       Potion            |       |       |     3 |     2 |     4 |     1 ||    10
 Stab: Paralysed         |       |       |       |     3 |       |       ||     3
       Confused          |       |       |       |       |       |     1 ||     1
Armor: Scale mail        |    42 |       |       |       |       |       ||    42
       Chain mail        |     1 |   111 |    76 |       |       |       ||   188
       Plate armour      |       |       |     7 |   179 |   477 |   550 ||  1213
Dodge: Dodged            |    29 |    54 |    68 |    70 |   361 |   457 ||  1039
Block: Kite shield       |    61 |   117 |   195 |    41 |       |       ||   414
       Tower shield      |       |       |       |   444 |  1885 |  1418 ||  3747
